 Dungeon Crawl Stone Soup version 0.24-a0-441-g27f0392e16 (webtiles) character file.

Game seed: 6719654494718001915

364 gruber the Magician (level 6, -5/36 HPs)
             Began as an Octopode Wizard on June 19, 2019.
             Slain by a centaur (8 damage)
             ... on level 6 of the Dungeon.
             The game lasted 00:08:04 (4030 turns).

gruber the Magician (Octopode Wizard)               Turns: 4030, Time: 00:08:04

Health: -5/36      AC:  1    Str:  7    XL:     6   Next: 67%
Magic:  11/14      EV: 13    Int: 22    God:
Gold:   113        SH:  0    Dex: 10    Spells: 4/15 levels left

rFire    + . .     SeeInvis .   t - +10 whip "Concordance" {freeze, rF+ rC++}
rCold    + + .     Gourm    .   (no shield)
rNeg     . . .     Faith    .   a - +0 hat
rPois    .         Spirit   .   j - amulet of rage
rElec    .         Reflect  .   q - ring of attention (curse)
rCorr    .         Harm     .   (no ring)
MR       .....                  (no ring)
Stlth    ++........             (no ring)
HPRegen  0.12/turn              (no ring)
MPRegen  0.14/turn              (no ring)
                                (no ring)
                                (no ring)

@: no status effects
A: almost no armour, stealthy swim, amphibious, 8 rings, constrict 8, camouflage
1, gelatinous body 1
a: Evoke Berserk Rage


You were on level 6 of the Dungeon.
You were not hungry.

You visited 1 branch of the dungeon, and saw 5 of its levels.

You collected 113 gold pieces.

Inventory:

Hand Weapons
 t - the +10 whip "Concordance" (weapon) {freeze, rF+ rC++}
   (You found it on level 4 of the Dungeon)

   It has been specially enchanted to freeze those struck by it, causing extra
   injury to most foes and up to half again as much damage against particularly
   susceptible opponents.
   It can also slow down cold-blooded creatures.
   It protects you from fire.
   It greatly protects you from cold.
Missiles
 p - 15 poisoned darts (quivered)
Armour
 a - a +0 hat (worn)
Jewellery
 j - an amulet of rage (around mantle)
 q - a cursed ring of attention (left tentacle)
Wands
 s - a wand of digging (5)
Scrolls
 b - 2 scrolls of enchant weapon {unknown}
 e - 3 scrolls of identify {unknown}
 f - a scroll of magic mapping {unknown}
 h - 3 scrolls of remove curse {unknown}
 m - 2 scrolls of enchant armour {unknown}
 r - a scroll of teleportation {unknown}
 u - a scroll of immolation {unknown}
 v - a scroll of amnesia {unknown}
 w - a scroll of fear {unknown}
Potions
 d - 2 potions of magic {unknown}
 g - a potion of haste {unknown}
 i - 3 potions of brilliance {unknown}
 k - a potion of berserk rage {unknown}
 l - 3 potions of heal wounds {unknown}
 n - a potion of agility {unknown}
 o - a potion of resistance {unknown}
Comestibles
 c - 6 rations
 x - a chunk of flesh


   Skills:
 * Level 3.0 Maces & Flails
 - Level 2.0 Dodging
 - Level 2.6 Stealth
 - Level 5.3 Spellcasting
 - Level 3.0 Conjurations
 - Level 1.0 Summonings
 - Level 1.0 Translocations


You had 4 spell levels left.
You knew the following spells:

 Your Spells              Type           Power        Failure   Level  Hunger
a - Magic Dart            Conj           ###.         2%          1    None
b - Blink                 Tloc           N/A          10%         2    None
c - Call Imp              Summ           ##......     10%         2    None
d - Conjure Flame         Conj/Fire      ##......     16%         3    ##.....
e - Mephitic Cloud        Conj/Pois/Air  ##......     19%         3    ##.....

Your spell library contained the following spells:

 Spells                   Type           Power        Failure   Level  Hunger
 Slow                     Hex            #.......     14%         2    None


Dungeon Overview and Level Annotations

Branches:
Dungeon (4/15)
 Temple: D:4-7

Altars:
Dithmenos
Fedhas
Qazlal
Ru

Shops:
D:4 [

Annotations:
D:3 Grinder


Innate Abilities, Weirdness & Mutations

You cannot wear most types of armour.
You are very stealthy in the water. (Stealth+)
You are amphibious.
You can wear up to eight rings at the same time.
You can use your tentacles to constrict eight enemies at once.
Your skin changes colour to match your surroundings (Stealth+).
Your rubbery body absorbs attacks. (AC +1, EV +1)


Message History

You start resting.
Eating one of 2 chunks of flesh.
You eat one of the 2 chunks of flesh.
This raw flesh tastes terrible.
A centaur comes into view.
A centaur is nearby!
A sky beast comes into view.
The sky beast moves out of view.
You start resting.
The centaur is too close now for your liking.
You start resting.
The centaur is too close now for your liking.
The centaur shouts!
The centaur wields a +0 shortbow.
The centaur shoots an arrow.
The arrow hits you!
* * * LOW HITPOINT WARNING * * *
You see here an arrow.
The centaur unwields a +0 shortbow.
The centaur hits you.
* * * LOW HITPOINT WARNING * * *
You hit the centaur but do no damage. The centaur completely misses you.
The centaur hits you!
You die...

#..# #[# #..#
##.## #..###...##
#..##.....###...
#...†$..........#.
##.##.....##...%.
#.###...## ....#
#.# ##c#####...
#.# #@....Z.. #<#
#(#####.# ..#
#.#####.####### .#
#.....÷........
######..?....##
#.####### #.# #.#
..#


You could see a centaur and an adder skeleton.

Vanquished Creatures
  A bullfrog (D:6)
  A crimson imp (D:6)
  Jessica (D:2)
  2 orc wizards (D:4)
  8 adders
  An ooze (D:3)
  4 dart slugs
  3 leopard geckos
  4 orcs
  3 giant cockroaches
  9 hobgoblins
  2 jackals (D:6)
  7 kobolds
  2 quokkas
  5 bats
  3 frilled lizards
  11 goblins
  6 rats
73 creatures vanquished.

Vanquished Creatures (collateral kills)
  Terence (D:2)
  A worker ant (D:6)
  A shadow imp (D:6)
  3 orcs
  A quokka (D:6)
7 creatures vanquished.

Grand Total: 80 creatures vanquished

Notes
Turn   | Place    | Note
-------+----------+-------------------------------------------
     0 | D:1      | gruber the Octopode Wizard began the quest for the Orb.
     0 | D:1      | Reached XP level 1. HP: 11/11 MP: 4/4
   119 | D:1      | Reached XP level 2. HP: 16/17 MP: 3/6
   888 | D:1      | Reached XP level 3. HP: 21/21 MP: 5/8
  1225 | D:2      | Learned a level 2 spell: Blink
  1228 | D:2      | Learned a level 2 spell: Call Imp
  1232 | D:2      | Learned a level 3 spell: Conjure Flame
  1262 | D:2      | Reached skill level 4 in Spellcasting
  1492 | D:2      | Reached XP level 4. HP: 15/27 MP: 0/10
  1766 | D:2      | Learned a level 3 spell: Mephitic Cloud
  1797 | D:2      | Noticed Terence
  1833 | D:2      | Killed Terence
  2123 | D:2      | Found a sacrificial altar of Ru.
  2123 | D:2      | Noticed Jessica
  2136 | D:2      | Killed Jessica
  2136 | D:2      | Reached XP level 5. HP: 12/31 MP: 7/12
  2645 | D:3      | Noticed Grinder
  2830 | D:3      | Found a blossoming altar of Fedhas.
  2836 | D:3      | Found a stormy altar of Qazlal.
  3235 | D:3      | Found a shadowy altar of Dithmenos.
  3413 | D:4      | Reached skill level 5 in Spellcasting
  3552 | D:4      | Got a steaming whip
  3553 | D:4      | Identified the +10 whip "Concordance" {freeze, rF+ rC++}
                  | (You found it on level 4 of the Dungeon)
  3556 | D:4      | Reached XP level 6. HP: 31/36 MP: 12/14
  3567 | D:4      | Found Azxaguna's Antique Armour Boutique.
  3781 | D:4      | You fall into a shaft and drop 2 floors!
  3888 | D:6      | Reached skill level 1 in Maces & Flails
  4021 | D:6      | Noticed a sky beast
  4030 | D:6      | Slain by a centaur

Levels and vault maps discovered:
D:1:      scummos_arrival_checkerplants, layout_loops_cross
D:2:      layout_loops_ring, old_standard_altar, first_ration, uniq_terence,
          uniq_jessica
D:3:      layout_loops_ring, grunt_temple_overflow_forces_of_nature,
          marbit_many_paths, uniq_grinder
D:4:      layout_basic, serial_shops, nicolae_shop_statue_plus
D:6:      layout_loops_ring, lemuel_coloured_pillars_altar, minitemple,
          minmay_manual_monolith

Skill      XL: |  1  2  3  4  5  6 |
---------------+-------------------+-----
Spellcasting   | 4 5 |  5.3
Conjurations   | 2 3 |  3.0
Maces & Flails | 3 |  3.0
Dodging        | |  2.0
Stealth        | |  2.6
Summonings     | |  1.0
Translocations | |  1.0

Action                   |  1- 3 |  4- 6 || total
-------------------------+-------+-------++-------
Melee: Unarmed           |    30 |    33 ||    63
       Constrict         |     7 |    18 ||    25
       Tentacles         |     6 |     9 ||    15
       Trident           |       |    22 ||    22
       Whip              |       |    30 ||    30
 Cast: Magic Dart        |    75 |    53 ||   128
       Blink             |     1 |     7 ||     8
       Call Imp          |       |    12 ||    12
       Mephitic Cloud    |       |     2 ||     2
 Stab: Sleeping          |     1 |     5 ||     6
  Eat: Chunk             |       |     6 ||     6
       Ration            |       |     1 ||     1
Armor: Skin              |     1 |     6 ||     7
Dodge: Dodged            |    20 |    55 ||    75

Table legend:
 A = Non-vault XP
 B = Vault XP
 C = Vault XP percentage of total XP
 D = Non-vault monster count
 E = Vault monster count
 F = Vault count percentage of total count
                 A         B        C        D         E       F
            +---------+---------+-------+---------+---------+-------
      Total |     410 |     111 |  21.3 |      75 |       5 |   6.2
            +---------+---------+-------+---------+---------+-------
        D:1 |      39 |       0 |   0.0 |      21 |       0 |   0.0
        D:2 |      99 |      58 |  36.9 |      24 |       2 |   7.7
        D:3 |      25 |       1 |   3.8 |      10 |       1 |   9.1
        D:4 |     119 |       0 |   0.0 |      13 |       0 |   0.0
        D:6 |     128 |      52 |  28.9 |       7 |       2 |  22.2
            +---------+---------+-------+---------+---------+-------
